 Dungeon Crawl Stone Soup version 0.21-a0-401-g0b6bec4 (webtiles) character file.

84 penrosetingle the Sneak (level 4, 0/23 HPs)
             Began as a Spriggan Assassin on Oct 25, 2017.
             Succumbed to a gnoll's poison
             ... on level 3 of the Dungeon.
             The game lasted 00:17:53 (2169 turns).

penrosetingle the Sneak (Spriggan Assassin)         Turns: 2169, Time: 00:17:54

Health: 0/23       AC:  3    Str:  7    XL:     4   Next: 24%
Magic:  0/5        EV: 17    Int: 12    God:
Gold:   65         SH:  0    Dex: 18    Spells: 3/3 levels left

rFire    . . .     SeeInvis +   a - +2 dagger
rCold    . . .     Gourm    .   (shield restricted)
rNeg     . . .     Faith    .   c - +0 robe
rPois    .         Spirit   +   (helmet restricted)
rElec    .         Reflect  .   d - +0 cloak
rCorr    .         Harm     .   (gloves unavailable)
MR       .....                  (boots unavailable)
Stlth    ++++......             h - amulet of guardian spirit
HPRegen  0.07/turn              (no ring)
MPRegen  0.09/turn              (no ring)

@: lethally poisoned (0 -> -11), very quick
A: unfitting armour, see invisible, herbivore 3, speed 3, slow metabolism 2
a: no special abilities


You were on level 3 of the Dungeon.
You were not hungry.

You visited 1 branch of the dungeon, and saw 3 of its levels.

You collected 65 gold pieces.

Inventory:

Hand Weapons
 a - a +2 dagger (weapon)
 b - a +0 blowgun
 q - a +0 hunting sling
Missiles
 r - 70 stones (quivered)
Armour
 c - a +0 robe (worn)
 d - a +0 cloak (worn)
Jewellery
 h - an amulet of guardian spirit (around neck)
 l - a cursed -2 ring of protection {unknown}
Scrolls
 i - a scroll of amnesia {unknown}
 n - a scroll of fog {unknown}
 o - a scroll of blinking {unknown}
 p - a scroll of remove curse {unknown}
 s - a scroll of identify {unknown}
 t - a scroll of enchant armour {unknown}
Potions
 k - a potion of might {unknown}
 m - 3 potions of degeneration {unknown}
Comestibles
 g - 2 bread rations
 j - 2 fruits


   Skills:
 + Level 2.0 Fighting
 + Level 2.8 Short Blades
 + Level 0.3(2.1) Slings
 + Level 2.8 Throwing
 + Level 2.1 Dodging
 + Level 7.0 Stealth


You had 3 spell levels left.
You didn't know any spells.

Dungeon Overview and Level Annotations

Branches:
Dungeon (3/15)

Altars:


Innate Abilities, Weirdness & Mutations

You are very small and have problems with some larger weapons.
You are too small for most types of armour.
You have supernaturally acute eyesight. (SInv)
You are a herbivore.
You cover ground extremely quickly.
You need consume almost no food.


Message History

The gnoll closely misses you. The quokka misses you.
You closely miss the quokka.
The quokka is heavily wounded.
The quokka closely misses you. The gnoll completely misses you.
You hit the quokka but do no damage.
The quokka is heavily wounded.
The quokka bites you but does no damage.
The gnoll completely misses you.
You hit the quokka but do no damage.
The quokka is heavily wounded.
The quokka closely misses you. The gnoll misses you.
You barely miss the quokka.
The quokka is heavily wounded.
The quokka barely misses you.
The gnoll hits you with a whip of venom.
* * * LOW HITPOINT WARNING * * *
You are lethally poisoned!
You hit the quokka.
The quokka is severely wounded.
You die...

#....g..##....(...#.>##.####..##.
##############...###.##.####.....
#(.## ##......##.##.
#.#.###.##.##.##.##.
#(#..#.###<##.##.### #.#.#..#
#.......# #.(....# ##.....##
###g#### #.....# #@# #.....# #r#
#.....# #.# #.....# #.# #######
#.# ... #.# #.# #..


You could see a gnoll and a quokka.

Vanquished Creatures
  2 gnolls (D:3)
  2 adders
  An ooze (D:1)
  A worm (D:2)
  2 leopard geckos
  2 giant cockroaches
  3 goblins
  3 hobgoblins
  5 jackals
  A ball python (D:1)
  3 bats
  2 frilled lizards (D:1)
  A kobold (D:1)
  15 rats
43 creatures vanquished.

Notes
Turn   | Place    | Note
-------+----------+-------------------------------------------
     0 | D:1      | penrosetingle the Spriggan Assassin began the quest for the Orb.
     0 | D:1      | Reached XP level 1. HP: 10/10 MP: 2/2
   161 | D:1      | Reached skill level 6 in Stealth
   177 | D:1      | Reached XP level 2. HP: 15/15 MP: 3/3
   976 | D:2      | Reached XP level 3. HP: 18/18 MP: 4/4
  2115 | D:3      | Reached XP level 4. HP: 17/23 MP: 3/5
  2130 | D:3      | Reached skill level 7 in Stealth
  2168 | D:3      | HP: 1/23 [gnoll/whip of venom (2)]
  2169 | D:3      | Succumbed to a gnoll's poison

Vault maps used:
D:1:      dpeg_arrival_ratfight
D:3:      roderic_lattice_a, uniq_robin

Skill      XL: |  1  2  3  4 |
---------------+-------------+-----
Stealth        | 6 7 |  7.0
Fighting       | 2 |  2.0
Dodging        | 2 |  2.1
Short Blades   | |  2.8
Slings         | |  0.3
Throwing       | |  2.8

Action                   |  1- 3 |  4- 6 || total
-------------------------+-------+-------++-------
Melee: Dagger            |    66 |    28 ||    94
       Hunting sling     |     3 |       ||     3
 Fire: Blowgun           |    38 |     5 ||    43
       Hunting sling     |    11 |     1 ||    12
Throw: Stone             |     3 |       ||     3
  Use: Scroll            |     3 |       ||     3
 Stab: Sleeping          |     4 |       ||     4
Armor: Robe              |     5 |     2 ||     7
Dodge: Dodged            |    52 |    35 ||    87

Table legend:
 A = Spawn XP
 B = Non-spawn XP
 C = Spawn XP percentage of total XP
 D = Spawn monster count
 E = Non-spawn monster count
 F = Spawn count percentage of total count
 G = Total turns spent on level
                    A         B        C        D         E        F      G
               +---------+---------+-------+---------+---------+-------+---------
         Total |       0 |     121 |   0.0 |       0 |      43 |   0.0 |  2169
               +---------+---------+-------+---------+---------+-------+---------
           D:1 |       0 |      31 |   0.0 |       0 |      20 |   0.0 |   773
           D:2 |       0 |      36 |   0.0 |       0 |      13 |   0.0 |   863
           D:3 |       0 |      54 |   0.0 |       0 |      10 |   0.0 |   533
               +---------+---------+-------+---------+---------+-------+---------
